 Dungeon Crawl Stone Soup version 0.26.0-45-g9c1d065592 (webtiles) character file.

Game seed: 4918760381934059047

113 lawman0 the Grasshopper (level 4, -2/39 HPs)
             Began as a Palentonga Warper on Jan 30, 2021.
             Slain by a crimson imp (3 damage)
             ... summoned by Natasha
             ... on level 2 of the Dungeon.
             The game lasted 00:02:48 (1684 turns).

lawman0 the Grasshopper (Palentonga Warper)         Turns: 1684, Time: 00:02:48

Health: -2/39      AC:  5    Str: 14    XL:     4   Next: 65%
Magic:  7/7        EV:  9    Int: 15    God:
Gold:   82         SH:  0    Dex:  9    Spells: 5/7 levels left

rFire    . . .     SeeInvis +   a - +0 falchion
rCold    . . .     Faith    .   (no shield)
rNeg     . . .     Spirit   .   h - +0 ring mail
rPois    .         Reflect  .   (no helmet)
rElec    .         Harm     .   (no cloak)
rCorr    .         Rampage  .   (no gloves)
Will     .....                  (no barding)
Stlth    ..........             (no amulet)
HPRegen  0.13/turn              (no ring)
MPRegen  0.10/turn              (no ring)

@: no status effects
A: large, rugged brown scales 3, see invisible, deformed body, roll 1, armoured
tail
a: Rolling Charge


You were on level 2 of the Dungeon.
You visited 1 branch of the dungeon, and saw 2 of its levels.

You collected 82 gold pieces.

Inventory:

Hand Weapons
 a - a +0 falchion (weapon)
Missiles
 e - 5 boomerangs of dispersal (quivered)
Armour
 h - a +0 ring mail (worn)
Scrolls
 b - 3 scrolls of identify {unknown}
 c - 2 scrolls of enchant armour {unknown}
 d - 2 scrolls of blinking
 g - a scroll of remove curse {unknown}
 j - a scroll of magic mapping {unknown}
Potions
 f - a potion of berserk rage {unknown}
 i - a potion of mutation {unknown}


   Skills:
 + Level 2.3 Fighting
 * Level 3.5 Long Blades
 + Level 0.6 Throwing
 + Level 1.1 Armour
 + Level 2.0 Dodging
 + Level 2.0 Spellcasting
 * Level 3.8 Translocations


You had 5 spell levels left.
You knew the following spells:

 Your Spells              Type           Power        Failure   Level
a - Blink                 Tloc           N/A          14%         2

Your spell library contained the following spells:

 Spells                   Type           Power        Failure   Level
 Gell's Gravitas          Tloc           6%           28%         3
 Lesser Beckoning         Tloc           6%           28%         3
 Teleport Other           Tloc           12%          28%         3
 Passage of Golubria      Tloc           N/A          67%         4


Dungeon Overview and Level Annotations

Branches:
Dungeon (2/15)

Altars:
Cheibriados
Dithmenos
Nemelex Xobeh
Xom

Annotations:
D:2 Natasha


Innate Abilities, Weirdness & Mutations

You are completely covered in rugged brown scales. (AC +3, +7% HP)
You have supernaturally acute eyesight. (SInv)
Armour fits poorly on your strangely shaped body.
You can roll at nearby foes to attack.
You have a long armoured tail.


Message History

Unknown command.
Natasha claws you.
* * * LOW HITPOINT WARNING * * *
Unknown command.
You closely miss Natasha. Natasha completely misses you.
The crimson imp blinks!
Unknown command.
You barely miss Natasha. You tail-slap Natasha.
Natasha is lightly wounded.
Natasha mewls in sadness.
Natasha claws you.
* * * LOW HITPOINT WARNING * * *
The crimson imp spits at you.
Unknown command.
Unknown command.
Unknown command.
You hit Natasha.
Natasha is moderately wounded.
Natasha claws you but does no damage. The crimson imp hits you.
You die...

#.#########........#
#.################.#
#.#....†..†..#
#.####
#.#.#####.##.##
#.....
#.#†####......#
######
#.#.##...^^^..# #
#.#..#...._^..... .
#.##.#5h.^^...### #
##.##.#@#.....## #
##...#.#5#####.#
#### ##⌠.⌠.#.#.# .#
#... ###.._..#.#.#
.# #..#
#...⌠.⌠##.#.# .#
#.#_ #.#...###.#.#
##.####..# #.#####
#.#.# #......... #.#
#.#.# #..#####.# #.#
#.#.# #..#####..


You could see Natasha and 2 crimson imps.

Vanquished Creatures
  Natasha (twice) (D:2)
  2 adders (D:2)
  2 oozes
  3 ball pythons (D:2)
  5 giant cockroaches
  5 goblins
  2 hobgoblins
  A quokka (D:2)
  5 bats
  2 frilled lizards
  6 kobolds
  4 rats
39 creatures vanquished.

Notes
Turn   | Place    | Note
-------+----------+-------------------------------------------
     0 | D:1      | lawman0 the Palentonga Warper began the quest for the Orb.
     0 | D:1      | Reached XP level 1. HP: 18/18 MP: 3/3
    30 | D:1      | Reached XP level 2. HP: 25/25 MP: 5/5
   639 | D:1      | Found a snail-covered altar of Cheibriados.
   645 | D:1      | Learned a level 2 spell: Blink
   901 | D:2      | Reached XP level 3. HP: 17/31 MP: 6/6
  1316 | D:2      | Found a faded altar of an unknown god.
  1403 | D:2      | Found a shadowy altar of Dithmenos.
  1529 | D:2      | Found a sparkling altar of Nemelex Xobeh.
  1572 | D:2      | Reached skill level 1 in Armour
  1624 | D:2      | Noticed Natasha
  1635 | D:2      | Killed Natasha
  1636 | D:2      | Reached XP level 4. HP: 12/38 MP: 7/7
  1650 | D:2      | Noticed Natasha
  1652 | D:2      | Found a shimmering altar of Xom.
  1656 | D:2      | Killed Natasha
  1675 | D:2      | Noticed Natasha
  1683 | D:2      | HP: 1/39 [Natasha (2)]
  1684 | D:2      | Slain by a crimson imp

Illustrated notes

Levels and vault maps discovered:
D:1:      lightli_arrival_windingriver, layout_rooms, cheibriados_altar_1
D:2:      layout_loops_ring, nemelex_xobeh_ov_fountains_minmay,
          marbit_many_paths, xom_teletrap_fun, chequers_ecumenical_altar_simple,
          grunt_decor_arrowhead, uniq_natasha

Skill      XL: |  1  2  3 |
---------------+----------+-----
Long Blades    | 3 |  3.5
Armour         | 1 |  1.1
Dodging        | 2 |  2.0
Fighting       | |  2.3
Throwing       | |  0.6
Spellcasting   | |  2.0
Translocations | |  3.8

Action                   |  1- 3 |  4- 6 || total
-------------------------+-------+-------++-------
Melee: Falchion          |   116 |     6 ||   122
       Tailslap          |    10 |     2 ||    12
 Abil: Rolling Charge    |     6 |       ||     6
Armor: Leather armour    |    43 |       ||    43
       Ring mail         |    23 |     1 ||    24
Dodge: Dodged            |    59 |     5 ||    64
       Rpst.: Falchion   |    25 |     1 ||    26
